Map: Cerulean Fall LE

Players

itsRemake

  • Race: Protoss Protoss
  • League: Grandmaster
  • Spawn Location: 7:00

SayL - Winner!

  • Race: Terran Terran
  • League: Master
  • Spawn Location: 1:00

VOD

Have the link to the VOD?

Description

Time

  • Played on: Aug. 26, 2018, 10:18 a.m.
  • Length: 7:45
Show
View Real Time Build Order
Export as new Build Order

itsRemake Protoss 

Build Orders: 1 Gate Expand, Double Forge, Blink Stalkers 

Get SALT Encoding   

  12  0:00  Probe  
  13  0:12  Probe  
  14  0:17  Pylon  
  14  0:23  Probe  
  15  0:32  Probe  
  15  0:36  Gateway  
  15  0:41  Probe  
  16  0:44  Assimilator  
  17  0:54  Probe  
  18  1:06  Probe  
  19  1:18  Probe  
  20  1:25  Nexus  
  20  1:35  Cybernetics Core  
  20  1:38  Probe  
  21  1:48  Assimilator  
  21  1:51  Probe  
  22  1:56  Pylon  
  22  2:02  Probe  
  22  2:05  Adept  
  23  2:10  Probe  
  23  2:13  Warp Gate  
  26  2:19  Probe  
  27  2:30  Probe  
  27  2:32  Adept  
  30  2:38  Probe x2  
  32  2:46  Probe  
  32  2:50  Probe  
  34  2:58  Probe  
  34  3:00  Gateway  
  34  3:04  Probe  
  34  3:05  Gateway  
  36  3:06  Probe  
  36  3:09  Twilight Council  
  36  3:15  Probe  
  36  3:16  Probe  
  38  3:26  Blink  
  38  3:27  Probe  
  39  3:28  Probe  
  40  3:39  Probe  
  40  3:40  Probe  
  42  3:54  Pylon, Nexus  
  42  3:55  Pylon  
  42  3:56  Probe x2  
  44  4:08  Probe  
  45  4:11  Probe  
  45  4:15  Stalker x3  
  52  4:19  Assimilator  
  52  4:22  Robotics Facility  
  52  4:23  Probe  
  53  4:25  Probe  
  54  4:31  Shield Battery  
  54  4:33  Shield Battery  
  54  4:35  Probe  
  55  4:39  Sentry x2  
  55  4:40  Sentry  
  55  4:41  Probe  
  62  4:50  Pylon x2  
  62  4:56  Forge  
  62  4:57  Forge  
  62  5:02  Probe x2  
  62  5:05  Probe  
  65  5:09  Protoss Ground Armor Level 1, Observer  
  65  5:10  Probe, Zealot x2  
  65  5:11  Probe  
  65  5:14  Stalker  
  73  5:17  Probe  
  73  5:19  Probe  
  75  5:22  Probe  
  75  5:24  Assimilator, Charge  
  75  5:26  Protoss Ground Weapons Level 1  
  75  5:27  Pylon  
  77  5:34  Probe  
  78  5:41  Gateway  
  78  5:44  Gateway  
  78  5:47  Gateway  
  78  5:50  Gateway  
  78  5:53  Gateway  
  78  5:57  Stalker  
  79  6:09  Stalker x2  
  79  6:10  Probe  
  84  6:11  Probe x2  
  84  6:16  Pylon  
  84  6:17  Immortal  
  84  6:18  Pylon  
  86  6:19  Pylon  
  86  6:27  Probe x3  
  93  6:37  Zealot  
  93  6:38  Zealot x2  
  91  6:47  Warp Prism  
  91  6:48  Probe  
  91  6:49  Probe  
  91  6:50  Probe  
  94  6:56  Templar Archives  
  94  7:00  Probe  
  97  7:06  Pylon x2  
  97  7:07  Zealot x3  
  97  7:08  Pylon  
  103  7:17  Zealot  
  103  7:18  Zealot x3  
  111  7:27  Zealot x2  
  115  7:31  Zealot x2  
  115  7:42  Zealot x4  
Show
View Real Time Build Order
Export as new Build Order

SayL Terran - Winner!

Build Orders: Reaper Expand, MMM Bio 

Get SALT Encoding   

  12  0:01  SCV  
  13  0:17  Supply Depot  
  13  0:19  SCV  
  14  0:31  SCV  
  15  0:42  Barracks  
  15  0:43  SCV  
  15  0:46  Refinery  
  16  0:56  SCV  
  17  1:08  SCV  
  18  1:20  SCV  
  19  1:31  Reaper  
  21  1:35  Orbital Command  
  20  1:48  Command Center  
  21  2:01  SCV  
  21  2:04  Barracks Reactor  
  21  2:05  Supply Depot  
  21  2:13  SCV  
  22  2:25  SCV  
  22  2:26  Barracks  
  23  2:32  Factory  
  23  2:37  SCV  
  23  2:43  Refinery  
  24  2:45  Marine  
  24  2:47  Marine  
  24  2:49  SCV  
  27  3:02  SCV  
  27  3:03  Marine  
  27  3:05  Marine  
  30  3:07  Orbital Command  
  30  3:14  SCV  
  31  3:21  Marine  
  31  3:22  Barracks Tech Lab, Marine  
  31  3:26  SCV  
  31  3:27  Widow Mine  
  34  3:38  SCV x2  
  36  3:49  Stimpack  
  36  3:50  SCV x2, Starport  
  38  3:57  Marine x2  
  38  4:02  SCV  
  41  4:03  SCV  
  41  4:04  Marine  
  41  4:06  Supply Depot  
  43  4:12  Liberator  
  43  4:14  SCV, Marine  
  43  4:15  SCV  
  46  4:21  Factory Reactor  
  46  4:27  SCV x2, Marine x2  
  46  4:30  Supply Depot  
  53  4:36  Refinery  
  53  4:39  SCV  
  53  4:42  Engineering Bay  
  54  4:51  SCV x2, Marine x3  
  59  4:59  Supply Depot  
  59  5:03  SCV  
  59  5:04  SCV  
  61  5:09  Marine  
  62  5:16  Factory Reactor  
  62  5:21  SCV x2, Medivac x2, Marine x2  
  70  5:27  Command Center  
  70  5:28  Supply Depot  
  70  5:34  Barracks  
  70  5:41  Supply Depot  
  70  5:44  SCV x2, Marine x3  
  75  5:50  Supply Depot  
  75  5:54  Medivac  
  75  5:56  SCV x2  
  79  6:02  Marine x3  
  82  6:08  Widow Mine x2  
  86  6:12  Combat Shields  
  86  6:15  SCV  
  86  6:16  SCV  
  88  6:19  Refinery, Marine x3  
  88  6:20  Supply Depot  
  88  6:21  Supply Depot  
  88  6:24  Supply Depot  
  92  6:26  Barracks Reactor  
  92  6:28  SCV  
  92  6:34  Medivac x2  
  92  6:37  Marine x3  
  89  6:55  Widow Mine x2, Marine x2  
  89  6:56  Barracks, Orbital Command  
  89  6:57  Barracks  
  89  7:00  Marine  
  96  7:11  Marine  
  96  7:12  Marine  
  96  7:13  Marine  
  105  7:16  Widow Mine x2  
  105  7:20  SCV x2, Orbital Command  
  111  7:29  Supply Depot  
  111  7:32  SCV  
Tags
 
Add a new tag
Caveats
  • Supply blocks, unpowered buildings, or Contaminate may cause inaccurate times.
  • Supply counts are checked every 10 seconds.